 Dungeon Crawl Stone Soup version 0.17-a0-1951-g62301d3 (webtiles) character file.

4474 4thArraOfDagon the Cleaver (level 10, -1/144 HPs)
             Began as a Naga Berserker on Oct 2, 2015.
             Was an Elder of Trog.
             Slain by a death yak (19 damage)
             ... on level 5 of the Lair of Beasts.
             The game lasted 00:12:30 (2265 turns).

4thArraOfDagon the Cleaver (Naga Berserker)         Turns: 2265, Time: 00:12:30

Health: -1/144     AC: 15    Str: 28    XL:     10   Next: 38%
Magic:  11/11      EV:  9    Int: 10    God:    Trog [****..]
Gold:   198        SH:  0    Dex: 10    Spells: 0 memorised, 9 levels left

rFire  x . .     SeeInvis +     n - +0 war axe
rCold  . . .     Clarity  .     a - +6 ring mail "Ysunlosch" {rF- rCorr Int+2}
rNeg   . . .     SustAt   .     (no shield)
rPois  +         Gourm    .     (no helmet)
rElec  .         Spirit   .     b - +0 cloak
rCorr  +         Warding  .     m - +0 pair of gloves
rMut   .         Stasis   .     (no barding)
MR     +++..                    (no amulet)
Stlth  ..........               (no ring)
                                (no ring)

@: berserking, regenerating, quick, extremely resistant to hostile enchantments,
extremely unstealthy
A: see invisible, deformed body, high mp 1, poison resistance, slowness 2, slow
metabolism 1, spit poison 2, AC +3
a: Spit Poison, Burn Spellbooks, Berserk, Trog's Hand, Brothers in Arms,
Renounce Religion


You were on level 5 of the Lair of Beasts.
You worshipped Trog.
Trog was greatly pleased with you.
You were not hungry.

You visited 2 branches of the dungeon, and saw 14 of its levels.

You collected 198 gold pieces.

Inventory:

Hand weapons
 n - a +0 war axe (weapon)
 o - a +1 hand axe of freezing
Armour
 a - the +6 ring mail "Ysunlosch" (worn) {rF- rCorr Int+2}
   (You found it on level 6 of the Dungeon)

   It affects your intelligence (+2).
   It makes you vulnerable to fire.
   It protects you from acid and corrosion.
 b - a +0 cloak (worn)
 m - a +0 pair of gloves (worn)
 r - a +2 buckler
Magical staves
 t - an uncursed staff of death {unknown}
Magical devices
 q - a wand of lightning (9)
 s - a wand of disintegration (9)
Scrolls
 e - a scroll of amnesia
 i - 2 scrolls of remove curse {unknown}
 j - a scroll of magic mapping {unknown}
 v - a scroll of noise {unknown}
Potions
 d - 4 potions of curing
 f - 3 potions of brilliance
 h - 3 potions of heal wounds
 l - a potion of flight
 u - a potion of cancellation {unknown}
Books
 g - a book of Enchantments

   Spells                             Type                      Level
   a - Cause Fear                     Hexes                        4
   b - Silence                        Hexes/Air                    5
   c - Deflect Missiles               Charms/Air                   6
   d - Haste                          Charms                       6
   e - Discord                        Hexes                        8
   Trog disapproves of the use of such an item.
Comestibles
 c - 4 bread rations
 k - a meat ration
 p - 2 chunks of flesh


   Skills:
 + Level 8.0 Fighting
 * Level 10.8 Axes
 + Level 6.5 Armour
 - Level 1.5 Dodging


You had 9 spell levels left.
You didn't know any spells.

Dungeon Overview and Level Annotations

Branches:
Dungeon (9/15)             Temple (0/1) D:5            Lair (5/8) D:9
  Swamp: Lair:3-6    Shoals: Lair:3-6     Snake: Lair:3-6    Spider: Lair:3-6
    Orc: D:9-12

Altars:
Ashenzari
Cheibriados
Okawaru
Qazlal
Xom

Annotations:
D:7 Uberwunderbarhen's ghost, experienced OpFi
Lair:3 exclusion: ice statue


Innate Abilities, Weirdness & Mutations

You cannot wear boots.
Your serpentine skin is tough (AC +3).
You have supernaturally acute eyesight.
Armour fits poorly on your strangely shaped body.
Your system is resistant to poisons.
You cover ground very slowly.
You have a slow metabolism.
You can spit poison.
You have an increased reservoir of magic (+10% MP).


Message History

You slash the death yak!
The death yak is heavily wounded.
The death yak gores you. The death yak gores you!!
The death yak gores you but does no damage.
A molten gargoyle comes into view. It is wielding a mace.
You slice the death yak!!
The death yak is almost dead.
You slash the death yak!
The death yak is moderately wounded.
You slash the death yak!
The death yak is lightly wounded.
You slash the death yak!
The death yak is heavily wounded.
You barely miss the death yak. The death yak gores you!
* * * LOW HITPOINT WARNING * * *
The death yak gores you!
* * * LOW HITPOINT WARNING * * *
The death yak gores you but does no damage.
The death yak gores you!!
You die...

##.#P####.####
##............##
#..............# #
########.............P#P#
#........................
.........................
.#<....#.............##
.P........P...P......#
...............Y@Y...#
...............YYY....§..
......................§≈≈
.......................§#
..............#........≈§
.....................9.§§
.......................§§
.........9.............≈
≈≈≈§≈§≈≈..


You could see 5 death yaks and 2 molten gargoyles.

Vanquished Creatures
  A black mamba (Lair:4)
  Psyche (D:9)
  A blue devil (Lair:3)
  3 fire bats (Lair:5)
  3 yaks (Lair:1)
  2 hippogriffs
  A wolf (Lair:4)
  Duvessa (D:4)
  A black bear (D:6)
  4 water moccasins
  2 sky beasts (D:6)
  An ogre (D:8)
  An ice beast (Lair:3)
  2 crocodiles (Lair:3)
  2 giant frogs
  Dowan (D:4)
  A scorpion (D:3)
  4 orc priests
  A giant frog skeleton (D:7)
  An iguana (Lair:3)
  A worker ant (D:5)
  10 orc wizards
  A hound skeleton (D:4)
  4 gnolls (D:4)
  2 adders (D:3)
  12 river rats (Lair:1)
  A white imp (Lair:3)
  An ooze (D:6)
  4 worms
  2 giant geckos (D:2)
  25 orcs
  2 ball pythons
  A bat (D:2)
  6 hobgoblins
  3 jackals (D:3)
  3 giant newts (D:3)
  A goblin (D:3)
  A jackal skeleton (D:7)
  2 kobolds
  2 rats
118 creatures vanquished.

Vanquished Creatures (collateral kills)
  A catoblepas (Lair:3)
1 creature vanquished.

Grand Total: 119 creatures vanquished

Notes
Turn   | Place    | Note
--------------------------------------------------------------
     0 | D:1      | 4thArraOfDagon the Naga Berserker began the quest for the Orb.
     0 | D:1      | Reached XP level 1. HP: 21/21 MP: 1/1
   125 | D:2      | Reached XP level 2. HP: 26/28 MP: 2/2
   183 | D:2      | Found an iron altar of Okawaru.
   383 | D:2      | Found a shattered altar of Ashenzari.
   389 | D:2      | Found a snail-covered altar of Cheibriados.
   442 | D:3      | Noticed a scorpion
   452 | D:3      | Killed a scorpion
   452 | D:3      | Reached skill level 4 in Axes
   452 | D:3      | Reached XP level 3. HP: 32/34 MP: 3/3
   452 | D:3      | Reached XP level 4. HP: 40/43 MP: 4/4
   563 | D:3      | Acquired Trog's second power
   600 | D:3      | Reached XP level 5. HP: 50/50 MP: 5/5
   733 | D:5      | Entered Level 5 of the Dungeon
   808 | D:5      | Found a staircase to the Ecumenical Temple.
   851 | D:5      | Reached XP level 6. HP: 34/57 MP: 6/6
   907 | D:6      | Reached skill level 5 in Axes
   912 | D:6      | Gained mutation: You have an increased reservoir of magic (+10% MP). [mutagenic meat]
   938 | D:6      | Reached XP level 7. HP: 39/66 MP: 7/7
   995 | D:6      | Got a transparent ring mail
  1006 | D:6      | Identified the +6 ring mail "Ysunlosch" {rF- rCorr Int+2} (You found it on level 6 of the Dungeon)
  1007 | D:6      | :/
  1025 | D:4      | Noticed Dowan
  1025 | D:4      | Noticed Duvessa
  1036 | D:4      | Killed Dowan
  1040 | D:4      | Killed Duvessa
  1040 | D:4      | Reached skill level 6 in Axes
  1096 | D:4      | Reached skill level 5 in Fighting
  1143 | D:3      | Reached XP level 8. HP: 74/74 MP: 8/8
  1298 | D:7      | Reached skill level 7 in Axes
  1441 | D:7      | Noticed Uberwunderbarhen's ghost (experienced OpFi)
  1472 | D:8      | Found a shimmering altar of Xom.
  1475 | D:8      | Found a shimmering altar of Xom.
  1475 | D:8      | Found a shimmering altar of Xom.
  1487 | D:8      | Found a stormy altar of Qazlal.
  1601 | D:9      | Noticed Psyche
  1606 | D:9      | Killed Psyche
  1606 | D:9      | Reached skill level 8 in Axes
  1606 | D:9      | Reached skill level 5 in Armour
  1606 | D:9      | Reached XP level 9. HP: 82/82 MP: 9/9
  1628 | D:9      | Found a staircase to the Lair.
  1655 | Lair:1   | Entered Level 1 of the Lair of Beasts
  1698 | Lair:1   | Reached skill level 9 in Axes
  1739 | Lair:1   | Acquired Trog's third power
  1909 | Lair:3   | Noticed a catoblepas
  1915 | Lair:3   | Killed a catoblepas
  1969 | Lair:4   | Noticed a black mamba
  1975 | Lair:4   | Killed a black mamba
  1975 | Lair:4   | Reached skill level 10 in Axes
  2035 | Lair:4   | Reached XP level 10. HP: 72/94 MP: 11/11
  2138 | Lair:3   | Noticed an ice statue
  2252 | Lair:5   | Noticed a death yak
  2253 | Lair:5   | Noticed a death yak
  2253 | Lair:5   | Noticed a death yak
  2254 | Lair:5   | Noticed a death yak
  2255 | Lair:5   | Noticed a death yak
  2262 | Lair:5   | Noticed a molten gargoyle
  2265 | Lair:5   | Noticed a molten gargoyle
  2265 | Lair:5   | Slain by a death yak

Vault maps used:
D:1:      elethiomel_arrival_maze, minmay_close_crescents
D:2:      old_standard_altar, grunt_temple_overflow_open, first_bread,
          serial_forest, infiniplex_forest_lined_3,
          infiniplex_forest_clump_diagonal, infiniplex_forest_clump_long,
          infiniplex_forest_lined_corner, infiniplex_forest_straight_2,
          infiniplex_forest_zigzag_1, infiniplex_forest_corner_1,
          lemuel_flame_loot_1
D:4:      uniq_duvessa
D:5:      kennysheep_little_box, temple_fountains
D:6:      hex_medium, serial_bayou_ford_a
D:7:      lemuel_crystal_altar, serial_shops, kennysheep_mini_moat,
          serial_glass, glass_columns_a, glass_columns_a, due_unseen_surprise
D:8:      xom_shifter_show, grunt_qazlal_clouds
D:9:      lair_0_dummy, serial_shops, shop, uniq_psyche
Lair:1:   st_stairs_12, grunt_megastairs_2, bh_autumn_forest_stairs
Lair:2:   st_stairs_13, minmay_holes, beast_lair_carwin_5
Lair:3:   ice2_lemuel, serial_bayou_shore_b
Lair:5:   minmay_swamp_entry_worms, basic_altar, uniq_kirke, uniq_josephine

Action                   |  1- 3 |  4- 6 |  7- 9 | 10-12 || total
-------------------------+-------+-------+-------+-------++-------
Melee: Hand axe          |    28 |    71 |   195 |    54 ||   348
       War axe           |       |       |    14 |    14 ||    28
Invok: Berserk           |     1 |     4 |     9 |     3 ||    17
       Trog's Hand       |       |       |     6 |     2 ||     8
       Brothers in Arms  |       |       |     1 |       ||     1
 Abil: Spit Poison       |    13 |    13 |    10 |     1 ||    37
  Use: Scroll            |       |       |     8 |     1 ||     9
  Eat: Chunk             |       |     7 |    14 |     3 ||    24
       Royal jelly       |       |     1 |       |       ||     1
